 Dungeon Crawl Stone Soup version 0.17-a0-913-g36eb389 (webtiles) character file.

3245 LiquidPain the Slicer (level 10, -24/65 HPs)
             Began as a Halfling Fighter on May 2, 2015.
             Was a High Priest of Okawaru.
             Annihilated by a large abomination (27 damage)
             ... on level 1 of the Abyss on May 3, 2015.
             The game lasted 00:37:23 (7357 turns).

LiquidPain the Slicer (Halfling Fighter)            Turns: 7357, Time: 00:37:23

Health: -24/65     AC: 20    Str: 16      XL:     10   Next: 18%
Magic:  10/10      EV:  7    Int:  6 (7)  God:    Okawaru [*****.]
Gold:   251        SH: 11    Dex: 18      Spells: 0 memorised, 9 levels left

rFire  . . .     SeeInvis .     b - +2 short sword (speed)
rCold  . . .     Clarity  .     g - +0 plate armour
rNeg   . . .     SustAb   +     c - +0 shield
rPois  .         Gourm    .     o - +1 helmet
rElec  .         Spirit   .     (no cloak)
rCorr  .         Warding  .     y - +2 pair of gloves {archery}
rMut   .         Stasis   .     I - +0 pair of boots
MR     .....                    i - amulet of faith
Stlth  ..........               p - ring of sustain abilities
                                m - +2 ring of evasion

@: about to teleport, flying, not resistant to hostile enchantments, extremely
unstealthy
A: mutation resistance 1
a: Heroism, Finesse, Renounce Religion


You were on level 1 of the Abyss.
You worshipped Okawaru.
Okawaru was extremely pleased with you.
You were not hungry.

You visited 1 branch of the dungeon, and saw 8 of its levels.
You visited the Abyss 1 time.

You collected 377 gold pieces.
You spent 126 gold pieces at shops.

Inventory:

Hand weapons
 b - a +2 short sword of speed (weapon)
Missiles
 d - 2 tomahawks of dispersal
 A - 6 tomahawks (quivered)
Armour
 c - a +0 shield (worn)
 g - a +0 plate armour (worn)
 o - a +1 helmet (worn)
 y - a +2 pair of gloves of archery (worn)
 I - a +0 pair of boots (worn)
Jewellery
 i - an amulet of faith (around neck)
 m - a +2 ring of evasion (left hand)
 n - an uncursed amulet of resist mutation {unknown}
 p - a ring of sustain abilities (right hand)
 r - an uncursed ring of wizardry
 v - an uncursed ring of magical power
 C - an uncursed amulet of rage {unknown}
 H - an uncursed ring of poison resistance
Magical devices
 k - a wand of flame (21)
 x - a wand of paralysis (14)
Scrolls
 f - 6 scrolls of remove curse
 j - a scroll of identify
 z - 5 scrolls of fog
 E - a scroll of amnesia
 K - a scroll of fear
 L - a scroll of summoning {unknown}
Potions
 q - 2 potions of flight
 t - 3 potions of brilliance
 B - a potion of mutation {unknown}
 D - a potion of lignification {unknown}
 G - a potion of poison {unknown}
 J - a potion of invisibility {unknown}
Books
 M - a book of Minor Magic

   Spells                             Type                      Level
   a - Magic Dart                     Conjuration                  1
   b - Blink                          Translocation                2
   c - Call Imp                       Summoning                    2
   d - Repel Missiles                 Charms/Air                   2
   e - Slow                           Hexes                        2
   f - Conjure Flame                  Conjuration/Fire             3
   g - Mephitic Cloud                 Conjuration/Poison/Air       3
Comestibles
 e - 9 bread rations
 u - 3 meat rations


   Skills:
 - Level 4.3 Fighting
 * Level 12.5 Short Blades
 + Level 8.2 Armour
 - Level 7.1 Shields


You had 9 spell levels left.
You didn't know any spells.

Dungeon Overview and Level Annotations

Branches:
Dungeon (8/15)             Temple (0/1) D:6
   Lair: D:8-11

Altars:
Dithmenos
Fedhas
Kikubaaqudgha
Okawaru
Ru
Vehumet
Yredelemnul
The Shining One

Shops:
D:6 [   D:7 *

Annotations:
D:8 Psyche


Innate Abilities, Weirdness & Mutations

You are small and have problems with some larger weapons.
You are somewhat resistant to further mutation.


Message History

The large abomination hits you but does no damage.
You hit the large abomination but do no damage.
The large abomination hits you!
* * * LOW HITPOINT WARNING * * *
Your shield and plate armour prevent you from hitting the large abomination.
The large abomination hits you!
* * * LOW HITPOINT WARNING * * *
Drink which item? (? for menu, Esc to quit)
You feel better.
You block the large abomination's attack. x2
Drink which item? (? for menu, Esc to quit)
You feel better.
The large abomination completely misses you.
The large abomination hits you!!
* * * LOW HITPOINT WARNING * * *
Drink which item? (? for menu, Esc to quit)
It was a potion of flight.
You feel very buoyant.
You fly up into the air.
The large abomination hits you!!
You die...

.
.#ยง..####
....
..###..#.
...# #.. .
5...
#..... 3.5
#... . ..#
#.5..... .
#.5
X....##
#X## # ##
. #@# # #.
##X..# ##
# # ...# .
# #.#.# #
..... .. #
. # #.. #
. .. ._# .
.# # . .


You could see 2 large abominations and 2 iron imps.

Vanquished Creatures
  An ancient zyme (Abyss:1)
  Grinder (D:6)
  A ynoxinul (Abyss:1)
  A spriggan (D:7)
  2 neqoxecs (Abyss:1)
  An ice beast (D:8)
  2 ogres (D:4)
  2 sky beasts (D:7)
  The ghost of SkeletonJelly the Sneak, an average OpAs (D:3)
  2 centaurs (D:8)
  4 giant frogs
  A gnoll sergeant (D:5)
  3 killer bees (D:5)
  3 small abominations (Abyss:1)
  A scorpion (D:5)
  2 quasits
  2 giant frog zombies
  3 orc priests
  3 orc wizards
  Crazy Yiuf (D:2)
  A centaur skeleton (D:4)
  A giant frog skeleton (D:7)
  A hound (D:4)
  6 worker ants
  A hound zombie (D:8)
  A hound skeleton (D:4)
  Robin (D:3)
  6 adders
  4 gnolls (D:5)
  2 shadow imps (D:7)
  2 oozes (D:2)
  4 giant geckos
  13 orcs
  A bat skeleton (D:4)
  4 giant cockroaches
  20 goblins
  9 hobgoblins
  12 jackals
  4 quokkas
  A ball python (D:3)
  A ball python skeleton (D:4)
  A ball python zombie (D:5)
  11 bats
  4 giant newts
  15 kobolds
  15 rats
  A fungus (D:2)
179 creatures vanquished.

Notes
Turn   | Place    | Note
--------------------------------------------------------------
     0 | D:1      | LiquidPain, the Halfling Fighter, began the quest for the Orb.
     0 | D:1      | Reached XP level 1. HP: 15/15 MP: 1/1
   124 | D:1      | Reached XP level 2. HP: 20/20 MP: 2/2
   691 | D:2      | Reached XP level 3. HP: 25/25 MP: 3/3
   745 | D:2      | Reached skill level 4 in Short Blades
   765 | D:2      | Found an iron altar of Okawaru.
   776 | D:2      | Became a worshipper of Warmaster Okawaru
   912 | D:2      | Reached XP level 4. HP: 15/30 MP: 4/4
  1242 | D:2      | Reached skill level 5 in Short Blades
  1496 | D:2      | Noticed Crazy Yiuf
  1513 | D:2      | Killed Crazy Yiuf
  1513 | D:2      | Reached XP level 5. HP: 36/36 MP: 1/5
  1563 | D:3      | Noticed SkeletonJelly's ghost (average OpAs)
  1589 | D:3      | Killed SkeletonJelly's ghost
  1589 | D:3      | Acquired Okawaru's first power
  1589 | D:3      | Reached skill level 6 in Short Blades
  2007 | D:3      | Found a basalt altar of Yredelemnul.
  2007 | D:3      | Found a sacrificial altar of Ru.
  2007 | D:3      | Found a blossoming altar of Fedhas.
  2016 | D:3      | Found a glowing golden altar of the Shining One.
  2096 | D:3      | Noticed Robin
  2113 | D:3      | Killed Robin
  2113 | D:3      | Reached XP level 6. HP: 41/41 MP: 6/6
  2464 | D:4      | Reached skill level 7 in Short Blades
  2503 | D:4      | Reached XP level 7. HP: 32/46 MP: 7/7
  3039 | D:4      | Found a shadowy altar of Dithmenos.
  3248 | D:5      | Entered Level 5 of the Dungeon
  3277 | D:5      | Reached skill level 8 in Short Blades
  3765 | D:5      | Reached skill level 5 in Armour
  3765 | D:5      | Reached skill level 5 in Shields
  3765 | D:5      | Reached XP level 8. HP: 37/54 MP: 8/8
  4970 | D:6      | Noticed Grinder
  4989 | D:6      | Paralysed by Grinder for 6 turns
  5006 | D:6      | Killed Grinder
  5320 | D:6      | Reached skill level 9 in Short Blades
  5325 | D:6      | Found a staircase to the Ecumenical Temple.
  5475 | D:6      | Found Fopudes's Antique Armour Emporium.
  5494 | D:6      | Bought a pair of embroidered gloves for 126 gold pieces
  5886 | D:7      | Reached XP level 9. HP: 46/59 MP: 9/9
  6020 | D:7      | Found Esederph's General Store.
  6240 | D:7      | Found a radiant altar of Vehumet.
  6398 | D:7      | Noticed a spriggan baker
  6413 | D:7      | Killed a spriggan baker
  6413 | D:7      | Reached skill level 10 in Short Blades
  6619 | D:8      | Found an ancient bone altar of Kikubaaqudgha.
  6796 | D:8      | Noticed Psyche
  6812 | D:8      | Cast into the Abyss (Psyche)
  6812 | Abyss:1  | Found a corrupted altar of Lugonu.
  6855 | Abyss:1  | Reached skill level 11 in Short Blades
  6912 | Abyss:1  | Acquired Okawaru's second power
  6912 | Abyss:1  | Received a gift from Okawaru
  6948 | Abyss:1  | Reached XP level 10. HP: 29/65 MP: 10/10
  6958 | Abyss:1  | Noticed a large abomination
  7249 | Abyss:1  | Reached skill level 12 in Short Blades
  7253 | Abyss:1  | Noticed a black draconian monk
  7258 | Abyss:1  | Found a sparkling altar of Nemelex Xobeh.
  7331 | Abyss:1  | Found a sparkling altar of Nemelex Xobeh.
  7331 | Abyss:1  | Noticed a large abomination
  7349 | Abyss:1  | HP: 2/65 [large abomination (14)]
  7356 | Abyss:1  | HP: 2/65 [large abomination (18)]
  7357 | Abyss:1  | Annihilated by a large abomination

Action                   |  1- 3 |  4- 6 |  7- 9 | 10-12 || total
-------------------------+-------+-------+-------+-------++-------
Melee: Rapier            |   123 |   221 |   425 |       ||   769
       Short sword       |       |       |   194 |   106 ||   300
Invok: Heroism           |       |       |     1 |       ||     1
  Use: Scroll            |       |     8 |    11 |     2 ||    21
       Potion            |       |     2 |     5 |     8 ||    15
  Eat: Chunk             |       |     6 |     5 |     1 ||    12
       Bread ration      |       |       |     2 |       ||     2
       Pizza             |       |       |       |     1 ||     1
